 Dungeon Crawl Stone Soup version 0.20-a0-1117-g62da73f (webtiles) character file.

1630 MydosGodOfBeginnings the Changer (level 8, -1/70 HPs)
             Began as a Demigod Transmuter on May 9, 2017.
             Slain by a wyvern skeleton (6 damage)
             ... on level 7 of the Dungeon.
             The game lasted 00:24:51 (7836 turns).

MydosGodOfBeginnings the Changer (DgTm)             Turns: 7836, Time: 00:24:52

Health: -1/70      AC:  6    Str: 13    XL:     8   Next: 38%
Magic:  20/20      EV:  9    Int: 21    God:
Gold:   211        SH:  0    Dex: 16    Spells: 4/18 levels left

rFire    x . .     SeeInvis .     - Unarmed
rCold    + + +     Gourm    .   (shield currently unavailable)
rNeg     . . .     Faith    .   (armour currently unavailable)
rPois    +         Spirit   .   (helmet currently unavailable)
rElec    .         Reflect  .   (cloak currently unavailable)
rCorr    .         Harm     .   (gloves currently unavailable)
MR       .....                  (boots currently unavailable)
Stlth    +.........             G - amulet of rage
Regen    0.3/turn               l - ring of wizardry
MPRegen  0.2/turn               w - ring of flight

@: ice-form (expiring), heavily drained
A: high mp 1
a: End Transformation, Evoke Berserk Rage, Evoke Flight


You were on level 7 of the Dungeon.
You were hungry.
You were a creature of crystalline ice.
You visited 1 branch of the dungeon, and saw 7 of its levels.

You collected 211 gold pieces.

Inventory:

Missiles
 a - 41 arrows
Armour
 b - a +0 robe (melded)
 m - a +1 helmet (melded)
Jewellery
 l - a ring of wizardry (left front paw)
 w - a ring of flight (right front paw)
 G - an amulet of rage (around neck)
Wands
 x - a wand of flame (12/48)
 y - a wand of confusion (13/48)
 C - a wand of confusion (31/48)
 F - a wand of clouds (6/9)
 H - a wand of flame (30/48)
Scrolls
 e - 2 scrolls of enchant weapon
 f - 3 scrolls of identify
 h - 4 scrolls of remove curse
 i - a scroll of random uselessness
Potions
 n - a potion of magic {unknown}
 o - a potion of mutation {unknown}
 s - 2 potions of brilliance {unknown}
 t - 2 potions of curing {unknown}
 z - a potion of agility {unknown}
Books
 c - a book of Changes

   Spells                             Type                      Level
   a - Beastly Appendage              Transmutation                1
   b - Sticks to Snakes               Transmutation                2
   c - Spider Form                    Transmutation/Poison         3
   d - Ice Form                       Ice/Transmutation            4
   e - Blade Hands                    Transmutation                5
 E - a book of Minor Magic

   Spells                             Type                      Level
   a - Magic Dart                     Conjuration                  1
   b - Blink                          Translocation                2
   c - Call Imp                       Summoning                    2
   d - Slow                           Hexes                        2
   e - Conjure Flame                  Conjuration/Fire             3
   f - Mephitic Cloud                 Conjuration/Poison/Air       3
Comestibles
 d - 4 bread rations
 g - 3 royal jellies
 k - 4 meat rations
 B - 3 fruits


   Skills:
 + Level 1.1(0.0) Fighting
 - Level 1.7(0.6) Dodging
 - Level 2.6(1.5) Unarmed Combat
 + Level 5.8(4.5) Spellcasting
 * Level 7.9(6.6) Transmutations
 - Level 1.2(0.1) Ice Magic
 - Level 1.0(0.0) Poison Magic


You had 4 spell levels left.
You knew the following spells:

 Your Spells              Type           Power        Failure   Level  Hunger
a - Spider Form           Tmut/Pois      ###.......   3%          3    ##.....
b - Sticks to Snakes      Tmut           ####....     1%          2    #......
d - Ice Form              Ice/Tmut       ###.....     12%         4    ####...
e - Blade Hands           Tmut           ####......   9%          5    ######.


Dungeon Overview and Level Annotations

Branches:
Dungeon (7/15)             Temple (0/1) D:6

Shops:
D:5 [


Innate Abilities, Weirdness & Mutations

You have an increased reservoir of magic. (+10% MP)


Message History

* * * LOW HITPOINT WARNING * * *
You hit the wyvern skeleton.
The wyvern skeleton is lightly damaged.
The wyvern skeleton bites you but does no damage.
The wyvern skeleton bites you.
* * * LOW HITPOINT WARNING * * *
You hit the wyvern skeleton but do no damage.
The wyvern skeleton is lightly damaged.
The wyvern skeleton barely misses you.
You punch the wyvern skeleton!
The wyvern skeleton is heavily damaged.
The wyvern skeleton bites you but does no damage.
You completely miss the wyvern skeleton.
The wyvern skeleton is heavily damaged.
You hear the slow hiss of a distant avalanche of sand.
The wyvern skeleton barely misses you.
You punch the wyvern skeleton!
The wyvern skeleton is severely damaged.
The wyvern skeleton bites you.
You die...

##>## .#
#######.# ##
#.......#
#.#####.......##
#.....#.........
#.....#.........
#.....#.........
#.....##......##
#....Y##......#
##...Z)O......#
#..............
#...............
#(....##......##
#.....##......#
#.............'.
##............##
#!... Z.......


You could see an ogre and a wyvern skeleton.

Vanquished Creatures
  Edmund (D:6)
  2 sky beasts
  An ice beast (D:7)
  A phantom (D:4)
  An ogre (D:6)
  A centaur (D:7)
  2 bullfrogs
  3 wights (D:7)
  2 bullfrog zombies (D:5)
  2 crimson imps
  A jelly (D:5)
  A hound (D:5)
  3 orc priests (D:3)
  2 iguanas
  4 orc wizards
  2 worker ants
  Robin (D:3)
  8 adders
  3 shadow imps (D:6)
  An ooze (D:3)
  An adder skeleton (D:6)
  4 worms
  5 leopard geckos
  15 orcs
  8 bats
  2 giant cockroaches (D:3)
  10 goblins
  13 hobgoblins
  22 jackals
  2 quokkas (D:2)
  3 ball pythons
  A frilled lizard (D:4)
  15 kobolds
  A quokka skeleton (D:4)
  7 rats
151 creatures vanquished.

Notes
Turn   | Place    | Note
-------+----------+-------------------------------------------
     0 | D:1      | MydosGodOfBeginnings the Demigod Transmuter began the quest for the Orb.
     0 | D:1      | Reached XP level 1. HP: 15/15 MP: 5/5
    46 | D:1      | Reached skill level 2 in Transmutations
   390 | D:1      | Reached XP level 2. HP: 12/22 MP: 5/7
  1193 | D:1      | Learned a level 2 spell: Sticks to Snakes
  1570 | D:2      | Reached XP level 3. HP: 7/27 MP: 7/9
  1801 | D:2      | Learned a level 3 spell: Spider Form
  2202 | D:2      | Reached skill level 3 in Transmutations
  2822 | D:3      | Reached XP level 4. HP: 34/34 MP: 6/11
  2890 | D:3      | Noticed Robin
  2902 | D:3      | Killed Robin
  3194 | D:3      | Reached skill level 1 in Poison Magic
  3194 | D:3      | Reached XP level 5. HP: 33/39 MP: 8/12
  3224 | D:3      | Learned a level 4 spell: Ice Form
  3241 | D:3      | Found a stormy altar of Qazlal.
  3301 | D:3      | Reached skill level 4 in Transmutations
  3488 | D:3      | Found a sacrificial altar of Ru.
  3905 | D:3      | Found a glowing golden altar of the Shining One.
  4429 | D:3      | Found a shimmering altar of Xom.
  4431 | D:3      | Found a blossoming altar of Fedhas.
  4431 | D:3      | Found a sparkling altar of Nemelex Xobeh.
  4436 | D:3      | Found a stormy altar of Qazlal.
  4436 | D:3      | Found a blossoming altar of Fedhas.
  4436 | D:3      | Found a sacrificial altar of Ru.
  4667 | D:4      | Found a deep blue altar of Sif Muna.
  4898 | D:4      | Reached XP level 6. HP: 46/46 MP: 11/14
  4928 | D:4      | Reached skill level 1 in Ice Magic
  5403 | D:4      | Found a glowing silver altar of Zin.
  5445 | D:4      | Found a hazy altar of Hepliaklqana.
  5528 | D:5      | Entered Level 5 of the Dungeon
  5544 | D:5      | Reached skill level 5 in Transmutations
  5942 | D:5      | Reached XP level 7. HP: 45/51 MP: 13/16
  6069 | D:5      | Found Caut's Armour Emporium.
  6234 | D:5      | Found an ancient bone altar of Kikubaaqudgha.
  6448 | D:5      | Found an opulent altar of Gozag.
  6623 | D:6      | Reached skill level 6 in Transmutations
  6624 | D:6      | Found a staircase to the Ecumenical Temple.
  6650 | D:6      | Learned a level 5 spell: Blade Hands
  6884 | D:6      | Noticed Edmund
  6917 | D:6      | Killed Edmund
  6917 | D:6      | Reached skill level 5 in Spellcasting
  7417 | D:6      | Found a radiant altar of Vehumet.
  7427 | D:6      | Reached skill level 7 in Transmutations
  7427 | D:6      | Reached XP level 8. HP: 47/58 MP: 16/19
  7740 | D:7      | Reached skill level 1 in Fighting
  7766 | D:7      | Found a deep blue altar of Sif Muna.
  7768 | D:7      | Found a shattered altar of Ashenzari.
  7836 | D:7      | Slain by a wyvern skeleton

Vault maps used:
D:1:      lightli_arrival_flooded_house
D:2:      first_bread
D:3:      nicolae_overflow_crystal_walls, nicolae_ru_sacrificial_ziggurat,
          lemuel_round_altar, doesnt_xom_only_xom, uniq_robin
D:4:      zin_treasury, kennysheep_little_box, tgw_sif
D:5:      nicolae_gozag_seed_capital, kiku_gazebo_pond_becter, serial_shops,
          shop, lightli_corner_chamber
D:6:      vehumet_altar_wand_db, minmay_temple_entry_butterflies, uniq_edmund
D:7:      nicolae_overflow_hidden_temple, nicolae_ossuary_entry_monument

Skill      XL: |  1  2  3  4  5  6  7  8 |
---------------+-------------------------+-----
Transmutations | 2 3 4 5 7 |  7.9
Spellcasting   | 2 3 4 5 |  5.8
Poison Magic   | 1 |  1.0
Ice Magic      | 1 |  1.2
Fighting       | 1 |  1.1
Dodging        | |  1.7
Unarmed Combat | |  2.6

Action                   |  1- 3 |  4- 6 |  7- 9 || total
-------------------------+-------+-------+-------++-------
Melee: Unarmed           |   186 |   223 |   197 ||   606
       Headbutt          |     8 |     1 |       ||     9
       Kick              |    17 |     3 |    12 ||    32
 Cast: Beastly Appendage |    25 |     9 |     5 ||    39
       Spider Form       |     5 |    30 |    15 ||    50
       Ice Form          |       |     3 |     2 ||     5
  Use: Scroll            |       |       |    12 ||    12
 Stab: Sleeping          |     2 |     2 |       ||     4
  Eat: Chunk             |     7 |    11 |     7 ||    25
       Royal jelly       |       |     1 |       ||     1
Armor: Robe              |    26 |    11 |     5 ||    42
       Skin              |     1 |    16 |    20 ||    37
Dodge: Dodged            |   102 |   146 |   137 ||   385
